Penguins vs Crunch
(R1)
Created - December 26, 2021 at 23:16
Goals
|
Penguins |
2 |
1 |
4 |
0 |
1 |
7 |
Crunch |
2 |
2 |
3 |
0 |
2 |
8 |
|
Shots
|
Penguins |
14 |
8 |
13 |
0 |
5 |
35 |
Crunch |
11 |
12 |
13 |
0 |
5 |
36 |
|
1st period
1. Penguins , Andy Andreoff 1 (Cedric Paquette 7) at 14:02
2. Crunch , William Nylander 8 (Jordan Oesterle 8, Brock Boeser 8) at 14:52 (PP)
3. Crunch , Anatoli Golyshev 2 (Kevin Fiala 4, Jeremy Lauzon 1) at 17:52
4. Penguins , Cedric Paquette 2 (Josh Jooris 7, Andreas Martinsen 4) at 18:30 (PP)
Penalties :
Andy Andreoff (Wil) for Hooking (Minor) at 2:02, Cedric Paquette (Wil) for High sticking (Minor) at 7:37, Cedric Paquette (Wil) for Cross-checking (Minor) at 14:44, Jordan Oesterle (Syr) for High sticking (Minor) at 18:17
2nd period
5. Penguins , Cedric Paquette 3 (Andrew O'Brien 6) at 2:42 (SH)
6. Crunch , William Nylander 9 (Brock Boeser 9, Anthony Cirelli 7) at 2:52 (PP)
7. Crunch , Anatoli Golyshev 3 (Kevin Fiala 5) at 3:41
Penalties :
Andreas Martinsen (Wil) for High sticking (Minor) at 2:26, John Marino (Wil) for Interference (Minor) at 11:20
3rd period
8. Crunch , Teemu Hartikainen 4 (Anatoli Golyshev 2, Noah Hanifin 11) at 6:40
9. Penguins , Iven Barbashev 2 (Cedric Paquette 8, Andy Andreoff 6) at 6:52
10. Crunch , William Nylander 10 (Brock Boeser 10, Anthony Cirelli 8) at 12:26 (PP)
11. Penguins , Andy Andreoff 2 (Iven Barbashev 3, Cedric Paquette 9) at 13:01
12. Penguins , Josh Jooris 4 (Cedric Paquette 10) at 13:34 (PP)
13. Crunch , Jordan Oesterle 2 (Nicolas Aube-Kubel 4, Teemu Hartikainen 5) at 16:04 (PP)
14. Penguins , Cedric Paquette 4 (Danny Biega 2, Andreas Martinsen 5) at 17:11 (PP)
Penalties :
Anatoli Golyshev (Syr) for Hooking (Minor) at 3:49, Brock Boeser (Syr) for Cross-checking (Minor) at 7:56, Adam Brooks (Wil) for Hooking (Minor) at 12:22, Nicolas Aube-Kubel (Syr) for Slashing (Minor) at 13:32, Andreas Martinsen (Wil) for Tripping (Minor) at 15:24, Kevin Fiala (Syr) for Cross-checking (Minor) at 17:03
Overtime #1
No Goal
Penalties :
No Penalty
Shootout
Penguins, Andreas Martinsen - Shot Misses the Net
Crunch, Teemu Hartikainen - Goal!
Penguins, Josh Jooris - Goal!
Crunch, Brock Boeser - Stopped by Connor Hellebyuk
Penguins, Andy Andreoff - Stopped by Kaapo Kahkonen
Crunch, William Nylander - Stopped by Connor Hellebyuk
Penguins, Vince Hinostroza - Stopped by Kaapo Kahkonen
Crunch, Nicolas Aube-Kubel - Stopped by Connor Hellebyuk
Penguins, Cedric Paquette - Stopped by Kaapo Kahkonen
Crunch, Kevin Fiala - Goal!
Penalties :
No Penalty
Goalie Stats
Connor Hellebyuk (Wil), 29 saves from 36 shots - (0.806), OTL, 3-2-1, 65:00 minutes
Kaapo Kahkonen (Syr), 28 saves from 35 shots - (0.800), W, 5-1-1, 65:00 minutes
Players Stats for Penguins
Player Name G A P +/- PIM S H SB GA TA FO MP PP MP PK MP
------------------------------------------------------------------------------------
Adam Brooks 0 0 0 -1 2 1 1 0 0 0 4/9 11:00 0:00 0:33
Andreas Martinsen 0 2 2 -1 4 2 1 0 0 0 1/2 18:09 2:27 3:45
Andrew O'Brien 0 1 1 2 0 0 2 0 0 2 0/0 32:20 2:38 3:10
Andy Andreoff 2 1 3 4 2 4 0 1 1 1 1/1 18:45 1:54 2:50
Anthony Beauvillier 0 0 0 -1 0 3 3 0 0 0 1/2 19:36 0:00 1:16
Cedric Paquette 3 4 7 4 4 5 2 0 0 1 12/19 20:33 2:19 2:57
Dakota Mermis 0 0 0 0 0 1 1 1 0 0 0/0 20:44 1:43 2:49
Danny Biega 0 1 1 0 0 1 0 1 0 0 0/0 20:44 1:43 2:49
Frederick Gaudreau 0 0 0 -1 0 3 0 1 1 0 14/29 22:55 1:54 1:20
Gavin Bayreuther 0 0 0 -1 0 0 2 0 0 0 0/0 11:04 0:00 1:14
Iven Barbashev 1 1 2 3 0 3 1 1 1 0 1/1 15:34 0:05 0:02
John Marino 0 0 0 -1 2 0 0 0 0 0 0/0 10:39 0:00 0:00
Josh Jooris 1 1 2 -1 0 4 2 1 0 1 0/0 12:30 2:22 0:02
Juuso Ikonen 0 0 0 -1 0 1 0 0 0 0 0/0 8:17 0:00 0:38
Max Gortz 0 0 0 -1 0 0 1 0 0 0 0/0 7:15 0:00 0:00
Scott Mayfield 0 0 0 2 0 0 1 1 0 2 0/0 32:20 2:38 3:10
Tyson Jost 0 0 0 -1 0 2 1 0 0 0 2/5 10:45 0:08 2:25
Vince Hinostroza 0 0 0 -1 0 5 1 0 3 0 0/1 19:28 1:54 0:00
Players Stats for Crunch
Player Name G A P +/- PIM S H SB GA TA FO MP PP MP PK MP
------------------------------------------------------------------------------------
Anatoli Golyshev 2 1 3 3 2 3 1 0 0 0 0/0 12:10 0:00 0:00
Anthony Cirelli 0 2 2 0 0 2 2 1 1 0 15/32 25:34 3:29 2:25
Brendan Guhle 0 0 0 1 0 1 0 2 1 2 0/0 23:09 2:47 2:40
Brock Boeser 0 3 3 -1 2 7 1 0 0 0 1/2 21:54 3:19 0:00
Christoffer Ehn 0 0 0 2 0 0 2 0 0 0 4/10 14:21 0:37 1:09
Connor Bunnaman 0 0 0 -1 0 0 0 0 0 0 2/4 7:14 0:00 0:00
Dalton Smith 0 0 0 -1 0 0 1 0 0 0 0/0 10:25 0:43 1:21
Dylan Strome 0 0 0 -2 0 2 4 0 1 0 9/17 16:23 2:54 0:00
Jacob Larsson 0 0 0 1 0 0 1 1 0 0 0/0 12:20 0:06 0:00
Jeremy Lauzon 0 1 1 1 0 1 2 1 1 0 0/0 20:21 2:47 1:41
Jordan Oesterle 1 1 2 -3 2 4 1 1 0 1 0/0 28:55 4:22 1:41
Kevin Fiala 0 2 2 2 2 2 1 0 0 0 0/0 12:18 0:48 0:00
Mitch Callahan 0 0 0 -1 0 0 3 0 0 0 0/0 7:34 0:26 0:00
Nicolas Aube-Kubel 0 1 1 -2 2 5 2 0 2 0 0/0 16:35 3:00 0:54
Noah Hanifin 0 1 1 -3 0 2 0 4 1 2 0/0 31:44 4:22 2:40
Sean Walker 0 0 0 1 0 1 0 1 0 1 0/0 12:20 0:06 0:00
Teemu Hartikainen 1 1 2 -1 0 1 0 0 0 0 0/1 19:42 3:10 2:30
William Nylander 3 0 3 -1 0 5 2 3 0 0 2/3 22:35 3:19 0:23
3 Stars
1 - Cedric Paquette (Wil)
2 - William Nylander (Syr)
3 - Anatoli Golyshev (Syr)
Power Play
Penguins - 3 on 5 Attempt(s) - 60.00%
Crunch - 4 on 7 Attempt(s) - 57.14%
Penalty Kill
Penguins - 3 on 7 Attempt(s) - 42.86%
- Score 1 goal in Penalty Kill
Crunch - 2 on 5 Attempt(s) - 40.00%
- Score 0 goal in Penalty Kill
Team Stat
Penguins - Hits : 19 - Faceoff Wins : 36 - Blocked Shots : 7 - Penalty Minutes : 14
Crunch - Hits : 23 - Faceoff Wins : 33 - Blocked Shots : 14 - Penalty Minutes : 10
Official
Referees : Kendrick Nicholson and Dean Morton
Linesman : Kyle Flemington and Ryan Gibbons
Game Notes
William Nylander has scored a Hat Trick!
Cedric Paquette has scored a Hat Trick!
Finance
Level 1 -- Attendance: 1840 (92.00%) -- Ticket Income $64,400
Level 2 -- Attendance: 842 (84.20%) -- Ticket Income $12,630
Total Attendance: 2682 (89.40%)
Total Ticket Income: $77,030
Other Income: $3,852
Total Income: $80,882
Penguins
5 vs 5 Forward
Center Left Wing Right Wing Time % Phy DF OF
1 Frederick Gaudreau Anthony Beauvillier Vince Hinostroza 40 1 2 2
2 Cedric Paquette Andy Andreoff Iven Barbashev 30 1 2 2
3 Adam Brooks Andreas Martinsen Josh Jooris 20 1 2 2
4 Tyson Jost Juuso Ikonen Max Gortz 10 1 2 2
5 vs 5 Defense
Defense Defense Time % Phy DF OF
1 Scott Mayfield Andrew O'Brien 40 1 2 2
2 Dakota Mermis Danny Biega 30 1 2 2
3 Gavin Bayreuther John Marino 20 1 2 2
4 Scott Mayfield Andrew O'Brien 10 1 2 2
PowerPlay Forward
Center Left Wing Right Wing Time % Phy DF OF
1 Cedric Paquette Andreas Martinsen Josh Jooris 60 1 2 2
2 Frederick Gaudreau Andy Andreoff Vince Hinostroza 40 1 2 2
PowerPlay Defense
Defense Defense Time % Phy DF OF
1 Scott Mayfield Andrew O'Brien 60 1 2 2
2 Dakota Mermis Danny Biega 40 1 2 2
Penalty Kill 4 Players Forward
Center Wing Time % Phy DF OF
1 Cedric Paquette Andreas Martinsen 60 1 2 2
2 Frederick Gaudreau Andy Andreoff 40 1 2 2
Penalty Kill 4 Players Defense
Defense Defense Time % Phy DF OF
1 Scott Mayfield Andrew O'Brien 60 1 2 2
2 Dakota Mermis Danny Biega 40 1 2 2
Penalty Kill - 3 Players Forward
Forward Time % Phy DF OF
1 Cedric Paquette 60 1 2 2
2 Frederick Gaudreau 40 1 2 2
Penalty Kill - 3 Players Defense
Defense Defense Time % Phy DF OF
1 Scott Mayfield Andrew O'Brien 60 1 2 2
2 Dakota Mermis Danny Biega 40 1 2 2
4 vs 4 Forward
Center Wing Time % Phy DF OF
1 Cedric Paquette Andreas Martinsen 60 1 2 2
2 Frederick Gaudreau Andy Andreoff 40 1 2 2
4 vs 4 Defense
Defense Defense Time % Phy DF OF
1 Scott Mayfield Andrew O'Brien 60 1 2 2
2 Dakota Mermis Danny Biega 40 1 2 2
Last Minutes Offensive
Center Left Wing Right Wing Defense Defense
Cedric Paquette Andreas Martinsen Josh Jooris Scott Mayfield Andrew O'Brien
Last Minutes Defensive
Center Left Wing Right Wing Defense Defense
Cedric Paquette Andreas Martinsen Josh Jooris Scott Mayfield Andrew O'Brien
Goaltenders
Starting : Connor Hellebyuk
Backup : Anthony Stolarz
Extra Forwards
Normal : Cedric Paquette, Frederick Gaudreau, Iven Barbashev - PP : Cedric Paquette, Frederick Gaudreau - PK : Cedric Paquette
Extra Defensemen
Normal : Danny Biega, Gavin Bayreuther, John Marino - PP : Danny Biega - PK : Danny Biega, Gavin Bayreuther
Penalty Shots
Andreas Martinsen, Josh Jooris, Andy Andreoff, Vince Hinostroza, Cedric Paquette
Scratches
Brett Pollock (Healthy), Curtis Hamilton (Healthy), Denis Malgin (Healthy), Josh Ho-Sang (Healthy), Matthew Finn (Healthy)
Raphael Bussieres (Healthy), Sam Kurker (Healthy), Steven Spinner (Healthy), German Rubtsov (Healthy)
Crunch
5 vs 5 Forward
Center Left Wing Right Wing Time % Phy DF OF
1 Anthony Cirelli William Nylander Brock Boeser 40 1 2 2
2 Dylan Strome Teemu Hartikainen Nicolas Aube-Kubel 30 1 2 2
3 Christoffer Ehn Anatoli Golyshev Kevin Fiala 20 1 2 2
4 Connor Bunnaman Dalton Smith Mitch Callahan 10 1 2 2
5 vs 5 Defense
Defense Defense Time % Phy DF OF
1 Noah Hanifin Jordan Oesterle 40 1 2 2
2 Jeremy Lauzon Brendan Guhle 30 1 2 2
3 Sean Walker Jacob Larsson 20 1 2 2
4 Noah Hanifin Brendan Guhle 10 1 2 2
PowerPlay Forward
Center Left Wing Right Wing Time % Phy DF OF
1 Anthony Cirelli William Nylander Brock Boeser 60 1 1 3
2 Dylan Strome Teemu Hartikainen Nicolas Aube-Kubel 40 1 1 3
PowerPlay Defense
Defense Defense Time % Phy DF OF
1 Noah Hanifin Jordan Oesterle 60 1 2 2
2 Jeremy Lauzon Brendan Guhle 40 1 2 2
Penalty Kill 4 Players Forward
Center Wing Time % Phy DF OF
1 Anthony Cirelli Teemu Hartikainen 60 1 2 2
2 Christoffer Ehn Nicolas Aube-Kubel 40 1 2 2
Penalty Kill 4 Players Defense
Defense Defense Time % Phy DF OF
1 Noah Hanifin Brendan Guhle 60 1 2 2
2 Jeremy Lauzon Jordan Oesterle 40 1 2 2
Penalty Kill - 3 Players Forward
Forward Time % Phy DF OF
1 Anthony Cirelli 60 1 2 2
2 Christoffer Ehn 40 1 2 2
Penalty Kill - 3 Players Defense
Defense Defense Time % Phy DF OF
1 Noah Hanifin Brendan Guhle 60 1 2 2
2 Jeremy Lauzon Jordan Oesterle 40 1 2 2
4 vs 4 Forward
Center Wing Time % Phy DF OF
1 Anthony Cirelli William Nylander 60 1 2 2
2 Dylan Strome Brock Boeser 40 1 2 2
4 vs 4 Defense
Defense Defense Time % Phy DF OF
1 Noah Hanifin Jordan Oesterle 60 1 2 2
2 Jeremy Lauzon Brendan Guhle 40 1 2 2
Last Minutes Offensive
Center Left Wing Right Wing Defense Defense
Anthony Cirelli Teemu Hartikainen Brock Boeser Noah Hanifin Brendan Guhle
Last Minutes Defensive
Center Left Wing Right Wing Defense Defense
Anthony Cirelli Teemu Hartikainen Brock Boeser Noah Hanifin Brendan Guhle
Goaltenders
Starting : Kaapo Kahkonen
Backup : Josef Korenar
Extra Forwards
Normal : William Nylander, Brock Boeser, Dalton Smith - PP : Nicolas Aube-Kubel, Kevin Fiala - PK : Dalton Smith
Extra Defensemen
Normal : Brendan Guhle, Noah Hanifin, Jordan Oesterle - PP : Jacob Larsson - PK : Jacob Larsson, Jordan Oesterle
Penalty Shots
Teemu Hartikainen, Brock Boeser, William Nylander, Nicolas Aube-Kubel, Kevin Fiala
Scratches
Charles-Olivier Roussel (Healthy), Kyle Capobianco (Healthy), Max McCormick (Healthy), Michael Downing (Healthy)
% Time on Ice - Penguins
Lines # - Real PCT - Wanted PCT - Time Play
Normal Forward
1 - 38% - 40% - 18:15
2 - 26% - 30% - 12:49
3 - 21% - 20% - 10:05
4 - 15% - 10% - 7:15
Normal Defense
1 - 40% - 40% - 19:33
2 - 29% - 30% - 14:09
3 - 21% - 20% - 10:00
4 - 10% - 10% - 4:42
PP Forward
1 - 56% - 60% - 2:27
2 - 44% - 40% - 1:54
PP Defense
1 - 61% - 60% - 2:38
2 - 39% - 40% - 1:43
PK Forward
1 - 82% - 60% - 5:55
2 - 18% - 40% - 1:20
PK Defense
1 - 44% - 60% - 3:12
2 - 56% - 40% - 4:03
PK3 Forward
1 - 0% - 60%
2 - 0% - 40%
PK3 Defense
1 - 0% - 60%
2 - 0% - 40%
44 Forward
1 - 96% - 60% - 4:48
2 - 4% - 40% - 0:12
44 Defense
1 - 59% - 60% - 2:57
2 - 41% - 40% - 2:03
Last Minute Offensive - 0:00
Last Minute Defensive - 0:00
Total
Forward - 65:00
Defense - 65:00
|
% Time on Ice - Crunch
Lines # - Real PCT - Wanted PCT - Time Play
Normal Forward
1 - 36% - 40% - 17:38
2 - 26% - 30% - 12:22
3 - 23% - 20% - 11:19
4 - 15% - 10% - 7:05
Normal Defense
1 - 42% - 40% - 20:19
2 - 31% - 30% - 14:49
3 - 23% - 20% - 11:18
4 - 4% - 10% - 1:58
PP Forward
1 - 52% - 60% - 3:45
2 - 48% - 40% - 3:30
PP Defense
1 - 60% - 60% - 4:22
2 - 40% - 40% - 2:53
PK Forward
1 - 79% - 60% - 3:27
2 - 21% - 40% - 0:54
PK Defense
1 - 61% - 60% - 2:40
2 - 39% - 40% - 1:41
PK3 Forward
1 - 0% - 60%
2 - 0% - 40%
PK3 Defense
1 - 0% - 60%
2 - 0% - 40%
44 Forward
1 - 85% - 60% - 4:14
2 - 15% - 40% - 0:46
44 Defense
1 - 62% - 60% - 3:06
2 - 38% - 40% - 1:54
Last Minute Offensive - 0:00
Last Minute Defensive - 0:00
Total
Forward - 65:00
Defense - 65:00
|
Play-by-Play
1st period
0:01 of 1st period - Frederick Gaudreau wins face-off versus Anthony Cirelli in neutral zone.
0:48 of 1st period - Christoffer Ehn is hit by Andreas Martinsen and loses puck.
1:34 of 1st period - Snap shot by Dylan Strome.
1:34 of 1st period - Shot Misses the Net.
2:02 of 1st period - Minor Penalty to Andy Andreoff for Hooking.
2:03 of 1st period - Cedric Paquette wins face-off versus Anthony Cirelli in Penguins zone.
3:10 of 1st period - Brock Boeser is hit by Anthony Beauvillier.
3:14 of 1st period - Frederick Gaudreau is hit by William Nylander and loses puck.
4:02 of 1st period - Penalty to Andy Andreoff is over, Andy Andreoff is back on ice.
4:05 of 1st period - Slapshot by Anatoli Golyshev.
4:05 of 1st period - Stopped by Connor Hellebyuk with a rebound.
4:31 of 1st period - Snap shot by Max Gortz.
4:31 of 1st period - Shot Blocked by Sean Walker.
4:37 of 1st period - Snap shot by Max Gortz.
4:37 of 1st period - Shot Blocked by Jacob Larsson.
6:23 of 1st period - Josh Jooris is hit by Mitch Callahan and loses puck.
6:51 of 1st period - Teemu Hartikainen is hit by Scott Mayfield and loses puck.
7:14 of 1st period - Icing by Max Gortz.
7:15 of 1st period - Tyson Jost wins face-off versus Christoffer Ehn in Penguins zone.
7:20 of 1st period - Sean Walker is hit by Gavin Bayreuther and loses puck.
7:37 of 1st period - Minor Penalty to Cedric Paquette for High sticking.
7:38 of 1st period - Tyson Jost wins face-off versus Anthony Cirelli in Penguins zone.
8:11 of 1st period - Snap shot by Nicolas Aube-Kubel.
8:11 of 1st period - Stopped by Connor Hellebyuk without a rebound.
8:12 of 1st period - Dylan Strome wins face-off versus Tyson Jost in Penguins zone.
8:13 of 1st period - Wrist shot by Nicolas Aube-Kubel.
8:13 of 1st period - Stopped by Connor Hellebyuk with a rebound.
8:15 of 1st period - Wrist shot by Nicolas Aube-Kubel.
8:15 of 1st period - Stopped by Connor Hellebyuk without a rebound.
8:16 of 1st period - Andreas Martinsen wins face-off versus Dylan Strome in Penguins zone.
9:37 of 1st period - Penalty to Cedric Paquette is over, Cedric Paquette is back on ice.
9:50 of 1st period - Adam Brooks is hit by Kevin Fiala and loses puck.
10:23 of 1st period - Tyson Jost is hit by Dylan Strome and loses puck.
10:41 of 1st period - Frederick Gaudreau is hit by Jacob Larsson and loses puck.
11:00 of 1st period - Slapshot by Anatoli Golyshev.
11:00 of 1st period - Shot Misses the Net.
11:02 of 1st period - Wrist shot by Christoffer Ehn.
11:02 of 1st period - Shot Misses the Net.
11:04 of 1st period - Slapshot by Sean Walker.
11:04 of 1st period - Stopped by Connor Hellebyuk with a rebound.
11:38 of 1st period - Slapshot by Noah Hanifin.
11:38 of 1st period - Shot Misses the Net.
11:40 of 1st period - Slapshot by Jordan Oesterle.
11:40 of 1st period - Deflect By Andrew O'Brien.
11:40 of 1st period - Stopped by Connor Hellebyuk with a rebound.
12:27 of 1st period - Jordan Oesterle is hit by Dakota Mermis and loses puck.
13:46 of 1st period - Snap shot by Andy Andreoff.
13:46 of 1st period - Stopped by Kaapo Kahkonen without a rebound.
13:47 of 1st period - Cedric Paquette wins face-off versus Teemu Hartikainen in Crunch zone.
13:48 of 1st period - Slapshot by Andy Andreoff.
13:48 of 1st period - Shot Misses the Net.
13:50 of 1st period - Wrist shot by Iven Barbashev.
13:50 of 1st period - Deflect By Cedric Paquette.
13:50 of 1st period - Shot Misses the Net.
13:50 of 1st period - Puck is out of play.
13:51 of 1st period - Dylan Strome wins face-off versus Cedric Paquette in Crunch zone.
14:02 of 1st period - Snap shot by Andy Andreoff.
14:02 of 1st period - Goal by Andy Andreoff - Penguins : 1 - Crunch : 0.
14:03 of 1st period - William Nylander wins face-off versus Frederick Gaudreau in neutral zone.
14:44 of 1st period - Minor Penalty to Cedric Paquette for Cross-checking.
14:45 of 1st period - Anthony Cirelli wins face-off versus Tyson Jost in Penguins zone.
14:48 of 1st period - Slapshot by Brock Boeser.
14:48 of 1st period - Stopped by Connor Hellebyuk with a rebound.
14:50 of 1st period - Slapshot by Jordan Oesterle.
14:50 of 1st period - Shot Misses the Net.
14:52 of 1st period - Wrist shot by William Nylander.
14:52 of 1st period - Goal by William Nylander - Penguins : 1 - Crunch : 1.
14:53 of 1st period - Anthony Cirelli wins face-off versus Frederick Gaudreau in neutral zone.
15:04 of 1st period - Icing by Frederick Gaudreau.
15:05 of 1st period - Anthony Cirelli wins face-off versus Frederick Gaudreau in Penguins zone.
15:18 of 1st period - Wrist shot by Vince Hinostroza.
15:18 of 1st period - Shot Misses the Net.
15:20 of 1st period - Snap shot by Frederick Gaudreau.
15:20 of 1st period - Stopped by Kaapo Kahkonen with a rebound.
15:22 of 1st period - Wrist shot by Anthony Beauvillier.
15:22 of 1st period - Stopped by Kaapo Kahkonen with a rebound.
15:41 of 1st period - Snap shot by Frederick Gaudreau.
15:41 of 1st period - Shot Blocked by Jordan Oesterle.
15:43 of 1st period - Wrist shot by Vince Hinostroza.
15:43 of 1st period - Stopped by Kaapo Kahkonen without a rebound.
15:44 of 1st period - Andy Andreoff wins face-off versus Dylan Strome in Crunch zone.
15:49 of 1st period - Backhand shot by Cedric Paquette.
15:49 of 1st period - Stopped by Kaapo Kahkonen with a rebound.
15:51 of 1st period - Wrist shot by Cedric Paquette.
15:51 of 1st period - Shot Misses the Net.
15:53 of 1st period - Slapshot by Danny Biega.
15:53 of 1st period - Shot Misses the Net.
15:55 of 1st period - Slapshot by Danny Biega.
15:55 of 1st period - Stopped by Kaapo Kahkonen with a rebound.
15:57 of 1st period - Slapshot by Iven Barbashev.
15:57 of 1st period - Stopped by Kaapo Kahkonen without a rebound.
15:58 of 1st period - Adam Brooks wins face-off versus Dylan Strome in Crunch zone.
16:50 of 1st period - Slapshot by Dakota Mermis.
16:50 of 1st period - Stopped by Kaapo Kahkonen with a rebound.
16:56 of 1st period - Wrist shot by Juuso Ikonen.
16:56 of 1st period - Deflect By Noah Hanifin.
16:56 of 1st period - Shot Misses the Net.
16:56 of 1st period - Puck is out of play.
16:57 of 1st period - Dylan Strome wins face-off versus Frederick Gaudreau in Crunch zone.
17:50 of 1st period - Snap shot by Kevin Fiala.
17:50 of 1st period - Stopped by Connor Hellebyuk with a rebound.
17:52 of 1st period - Wrist shot by Anatoli Golyshev.
17:52 of 1st period - Goal by Anatoli Golyshev - Penguins : 1 - Crunch : 2.
17:53 of 1st period - Frederick Gaudreau wins face-off versus Anthony Cirelli in neutral zone.
17:56 of 1st period - Wrist shot by Frederick Gaudreau.
17:56 of 1st period - Stopped by Kaapo Kahkonen without a rebound.
17:57 of 1st period - Frederick Gaudreau wins face-off versus Anthony Cirelli in Crunch zone.
18:00 of 1st period - Wrist shot by Vince Hinostroza.
18:00 of 1st period - Stopped by Kaapo Kahkonen without a rebound.
18:01 of 1st period - Frederick Gaudreau wins face-off versus Anthony Cirelli in Crunch zone.
18:02 of 1st period - Slapshot by Vince Hinostroza.
18:02 of 1st period - Stopped by Kaapo Kahkonen without a rebound.
18:03 of 1st period - Frederick Gaudreau wins face-off versus Anthony Cirelli in Crunch zone.
18:17 of 1st period - Minor Penalty to Jordan Oesterle for High sticking.
18:18 of 1st period - Cedric Paquette wins face-off versus Anthony Cirelli in Crunch zone.
18:18 of 1st period - Wrist shot by Andreas Martinsen.
18:18 of 1st period - Shot Blocked by Noah Hanifin.
18:20 of 1st period - Wrist shot by Cedric Paquette.
18:20 of 1st period - Shot Misses the Net.
18:30 of 1st period - Snap shot by Cedric Paquette.
18:30 of 1st period - Goal by Cedric Paquette - Penguins : 2 - Crunch : 2.
18:31 of 1st period - Anthony Cirelli wins face-off versus Frederick Gaudreau in neutral zone.
18:56 of 1st period - Brendan Guhle is hit by Cedric Paquette.
19:22 of 1st period - Snap shot by Kevin Fiala.
19:22 of 1st period - Stopped by Connor Hellebyuk without a rebound.
19:23 of 1st period - Frederick Gaudreau wins face-off versus Christoffer Ehn in Penguins zone.
19:32 of 1st period - Snap shot by Vince Hinostroza.
19:32 of 1st period - Stopped by Kaapo Kahkonen with a rebound.
Goals for this period are 2 for Penguins vs 2 for Crunch.
Shots for this period are 14 for Penguins vs 11 for Crunch.
2nd period
0:01 of 2nd period - Frederick Gaudreau wins face-off versus Anthony Cirelli in neutral zone.
0:01 of 2nd period - Frederick Gaudreau is hit by Anthony Cirelli.
0:52 of 2nd period - Slapshot by Andreas Martinsen.
0:52 of 2nd period - Shot Misses the Net.
0:54 of 2nd period - Slapshot by Dakota Mermis.
0:54 of 2nd period - Shot Misses the Net.
0:56 of 2nd period - Wrist shot by Andreas Martinsen.
0:56 of 2nd period - Shot Misses the Net.
1:14 of 2nd period - Wrist shot by Brock Boeser.
1:14 of 2nd period - Stopped by Connor Hellebyuk without a rebound.
1:15 of 2nd period - Anthony Cirelli wins face-off versus Frederick Gaudreau in Penguins zone.
1:20 of 2nd period - Snap shot by William Nylander.
1:20 of 2nd period - Shot Misses the Net.
2:13 of 2nd period - Snap shot by Max Gortz.
2:13 of 2nd period - Shot Misses the Net.
2:26 of 2nd period - Minor Penalty to Andreas Martinsen for High sticking.
2:27 of 2nd period - Anthony Cirelli wins face-off versus Cedric Paquette in Penguins zone.
2:30 of 2nd period - Snap shot by Noah Hanifin.
2:30 of 2nd period - Shot Blocked by Andy Andreoff.
2:40 of 2nd period - Snap shot by Cedric Paquette.
2:40 of 2nd period - Shot Blocked by Noah Hanifin.
2:42 of 2nd period - Slapshot by Cedric Paquette.
2:42 of 2nd period - Goal by Cedric Paquette - Penguins : 3 - Crunch : 2.
2:43 of 2nd period - Anthony Cirelli wins face-off versus Cedric Paquette in neutral zone.
2:52 of 2nd period - Snap shot by William Nylander.
2:52 of 2nd period - Goal by William Nylander - Penguins : 3 - Crunch : 3.
2:53 of 2nd period - Anthony Cirelli wins face-off versus Anthony Beauvillier in neutral zone.
2:57 of 2nd period - Noah Hanifin is hit by Andrew O'Brien and loses puck.
3:04 of 2nd period - Wrist shot by Brock Boeser.
3:04 of 2nd period - Stopped by Connor Hellebyuk with a rebound.
3:06 of 2nd period - Wrist shot by William Nylander.
3:06 of 2nd period - Shot Blocked by Scott Mayfield.
3:08 of 2nd period - Wrist shot by Brock Boeser.
3:08 of 2nd period - Shot Misses the Net.
3:41 of 2nd period - Snap shot by Anatoli Golyshev.
3:41 of 2nd period - Goal by Anatoli Golyshev - Penguins : 3 - Crunch : 4.
3:42 of 2nd period - Anthony Cirelli wins face-off versus Frederick Gaudreau in neutral zone.
3:45 of 2nd period - Wrist shot by William Nylander.
3:45 of 2nd period - Stopped by Connor Hellebyuk without a rebound.
3:46 of 2nd period - Anthony Cirelli wins face-off versus Frederick Gaudreau in Penguins zone.
3:47 of 2nd period - Slapshot by William Nylander.
3:47 of 2nd period - Deflect By Anthony Cirelli.
3:47 of 2nd period - Stopped by Connor Hellebyuk with a rebound.
3:57 of 2nd period - Wrist shot by Brock Boeser.
3:57 of 2nd period - Shot Misses the Net.
4:19 of 2nd period - Snap shot by Andreas Martinsen.
4:19 of 2nd period - Stopped by Kaapo Kahkonen with a rebound.
4:21 of 2nd period - Slapshot by Andreas Martinsen.
4:21 of 2nd period - Stopped by Kaapo Kahkonen with a rebound.
4:23 of 2nd period - Snap shot by Josh Jooris.
4:23 of 2nd period - Stopped by Kaapo Kahkonen without a rebound.
4:24 of 2nd period - Frederick Gaudreau wins face-off versus Dylan Strome in Crunch zone.
5:40 of 2nd period - Andrew O'Brien is hit by Brock Boeser and loses puck.
6:26 of 2nd period - Slapshot by Scott Mayfield.
6:26 of 2nd period - Shot Misses the Net.
6:42 of 2nd period - Slapshot by Scott Mayfield.
6:42 of 2nd period - Shot Misses the Net.
7:07 of 2nd period - Slapshot by Scott Mayfield.
7:07 of 2nd period - Shot Misses the Net.
7:57 of 2nd period - Snap shot by Vince Hinostroza.
7:57 of 2nd period - Stopped by Kaapo Kahkonen with a rebound.
8:21 of 2nd period - Slapshot by Jordan Oesterle.
8:21 of 2nd period - Stopped by Connor Hellebyuk without a rebound.
8:22 of 2nd period - Cedric Paquette wins face-off versus Dylan Strome in Penguins zone.
9:09 of 2nd period - Connor Bunnaman is hit by Max Gortz and loses puck.
10:23 of 2nd period - Andreas Martinsen is hit by Christoffer Ehn.
10:48 of 2nd period - Snap shot by Kevin Fiala.
10:48 of 2nd period - Shot Blocked by Dakota Mermis.
10:50 of 2nd period - Snap shot by Dalton Smith.
10:50 of 2nd period - Shot Misses the Net.
11:08 of 2nd period - Snap shot by Juuso Ikonen.
11:08 of 2nd period - Stopped by Kaapo Kahkonen with a rebound.
11:20 of 2nd period - Minor Penalty to John Marino for Interference.
11:21 of 2nd period - Dylan Strome wins face-off versus Cedric Paquette in Penguins zone.
12:06 of 2nd period - Tyson Jost is hit by Nicolas Aube-Kubel and loses puck.
12:21 of 2nd period - Andy Andreoff is hit by Jeremy Lauzon and loses puck.
12:52 of 2nd period - Tyson Jost is hit by Jordan Oesterle and loses puck.
13:20 of 2nd period - Penalty to John Marino is over, John Marino is back on ice.
13:37 of 2nd period - Frederick Gaudreau is hit by Mitch Callahan.
14:02 of 2nd period - Sean Walker is hit by Anthony Beauvillier and loses puck.
14:40 of 2nd period - Anthony Beauvillier is hit by Mitch Callahan and loses puck.
15:01 of 2nd period - Andy Andreoff is hit by Dylan Strome and loses puck.
15:42 of 2nd period - Jacob Larsson is hit by Vince Hinostroza and loses puck.
15:55 of 2nd period - Dakota Mermis is hit by Anatoli Golyshev and loses puck.
16:10 of 2nd period - Connor Bunnaman is hit by Cedric Paquette and loses puck.
16:18 of 2nd period - Icing by Dalton Smith.
16:19 of 2nd period - Connor Bunnaman wins face-off versus Frederick Gaudreau in Crunch zone.
17:18 of 2nd period - Icing by Scott Mayfield.
17:19 of 2nd period - Connor Bunnaman wins face-off versus Tyson Jost in Penguins zone.
17:48 of 2nd period - Snap shot by Cedric Paquette.
17:48 of 2nd period - Stopped by Kaapo Kahkonen without a rebound.
17:49 of 2nd period - Frederick Gaudreau wins face-off versus William Nylander in Crunch zone.
17:54 of 2nd period - Slapshot by Gavin Bayreuther.
17:54 of 2nd period - Deflect By Anthony Beauvillier.
17:54 of 2nd period - Stopped by Kaapo Kahkonen with a rebound.
17:56 of 2nd period - Snap shot by Frederick Gaudreau.
17:56 of 2nd period - Shot Blocked by William Nylander.
17:58 of 2nd period - Wrist shot by Anthony Beauvillier.
17:58 of 2nd period - Shot Misses the Net.
18:12 of 2nd period - Noah Hanifin is hit by Gavin Bayreuther.
18:22 of 2nd period - Slapshot by Brendan Guhle.
18:22 of 2nd period - Shot Misses the Net.
18:24 of 2nd period - Slapshot by Brock Boeser.
18:24 of 2nd period - Stopped by Connor Hellebyuk with a rebound.
18:30 of 2nd period - Snap shot by Brock Boeser.
18:30 of 2nd period - Shot Misses the Net.
18:50 of 2nd period - Slapshot by William Nylander.
18:50 of 2nd period - Shot Misses the Net.
18:52 of 2nd period - Snap shot by Brock Boeser.
18:52 of 2nd period - Stopped by Connor Hellebyuk with a rebound.
18:54 of 2nd period - Slapshot by Sean Walker.
18:54 of 2nd period - Shot Misses the Net.
18:56 of 2nd period - Slapshot by Brendan Guhle.
18:56 of 2nd period - Shot Blocked by Iven Barbashev.
18:58 of 2nd period - Snap shot by Brock Boeser.
18:58 of 2nd period - Stopped by Connor Hellebyuk without a rebound.
18:59 of 2nd period - Frederick Gaudreau wins face-off versus Dylan Strome in Penguins zone.
19:03 of 2nd period - Off-side.
19:04 of 2nd period - Dylan Strome wins face-off versus Frederick Gaudreau in neutral zone.
19:34 of 2nd period - Slapshot by Jeremy Lauzon.
19:34 of 2nd period - Stopped by Connor Hellebyuk with a rebound.
19:36 of 2nd period - Wrist shot by Anatoli Golyshev.
19:36 of 2nd period - Shot Misses the Net.
19:38 of 2nd period - Wrist shot by Brendan Guhle.
19:38 of 2nd period - Stopped by Connor Hellebyuk without a rebound.
19:39 of 2nd period - Cedric Paquette wins face-off versus Christoffer Ehn in Penguins zone.
Goals for this period are 1 for Penguins vs 2 for Crunch.
Shots for this period are 8 for Penguins vs 12 for Crunch.
3rd period
0:01 of 3rd period - Dylan Strome wins face-off versus Frederick Gaudreau in neutral zone.
0:12 of 3rd period - Wrist shot by Dylan Strome.
0:12 of 3rd period - Stopped by Connor Hellebyuk with a rebound.
0:27 of 3rd period - Off-side.
0:28 of 3rd period - Adam Brooks wins face-off versus Anthony Cirelli in neutral zone.
1:18 of 3rd period - Slapshot by Andy Andreoff.
1:18 of 3rd period - Stopped by Kaapo Kahkonen without a rebound.
1:19 of 3rd period - Cedric Paquette wins face-off versus Dylan Strome in Crunch zone.
1:26 of 3rd period - Andrew O'Brien is hit by Nicolas Aube-Kubel and loses puck.
1:35 of 3rd period - Wrist shot by Nicolas Aube-Kubel.
1:35 of 3rd period - Stopped by Connor Hellebyuk with a rebound.
1:37 of 3rd period - Snap shot by Teemu Hartikainen.
1:37 of 3rd period - Deflect By Dylan Strome.
1:37 of 3rd period - Stopped by Connor Hellebyuk with a rebound.
1:39 of 3rd period - Snap shot by Dylan Strome.
1:39 of 3rd period - Shot Misses the Net.
1:41 of 3rd period - Slapshot by Jeremy Lauzon.
1:41 of 3rd period - Shot Misses the Net.
1:43 of 3rd period - Snap shot by Dylan Strome.
1:43 of 3rd period - Shot Misses the Net.
1:45 of 3rd period - Slapshot by Jordan Oesterle.
1:45 of 3rd period - Shot Misses the Net.
2:26 of 3rd period - Off-side.
2:27 of 3rd period - Frederick Gaudreau wins face-off versus Anthony Cirelli in neutral zone.
2:32 of 3rd period - Snap shot by William Nylander.
2:32 of 3rd period - Shot Misses the Net.
2:40 of 3rd period - Wrist shot by Anthony Beauvillier.
2:40 of 3rd period - Deflect By Noah Hanifin.
2:40 of 3rd period - Shot Blocked by Noah Hanifin.
2:40 of 3rd period - Puck is out of play.
2:41 of 3rd period - Anthony Cirelli wins face-off versus Frederick Gaudreau in Crunch zone.
3:17 of 3rd period - Snap shot by Mitch Callahan.
3:17 of 3rd period - Shot Blocked by Frederick Gaudreau.
3:31 of 3rd period - Icing by Christoffer Ehn.
3:32 of 3rd period - Christoffer Ehn wins face-off versus Adam Brooks in Crunch zone.
3:49 of 3rd period - Minor Penalty to Anatoli Golyshev for Hooking.
3:50 of 3rd period - Anthony Cirelli wins face-off versus Andreas Martinsen in Crunch zone.
4:04 of 3rd period - Slapshot by Josh Jooris.
4:04 of 3rd period - Shot Misses the Net.
4:16 of 3rd period - Vince Hinostroza is hit by Anthony Cirelli and loses puck.
5:49 of 3rd period - Penalty to Anatoli Golyshev is over, Anatoli Golyshev is back on ice.
5:49 of 3rd period - Teemu Hartikainen is hit by Tyson Jost.
6:40 of 3rd period - Snap shot by Teemu Hartikainen.
6:40 of 3rd period - Goal by Teemu Hartikainen - Penguins : 3 - Crunch : 5.
6:41 of 3rd period - Cedric Paquette wins face-off versus Connor Bunnaman in neutral zone.
6:50 of 3rd period - Snap shot by Iven Barbashev.
6:50 of 3rd period - Stopped by Kaapo Kahkonen with a rebound.
6:52 of 3rd period - Wrist shot by Iven Barbashev.
6:52 of 3rd period - Goal by Iven Barbashev - Penguins : 4 - Crunch : 5.
6:53 of 3rd period - Anthony Beauvillier wins face-off versus Christoffer Ehn in neutral zone.
7:42 of 3rd period - Wrist shot by Juuso Ikonen.
7:42 of 3rd period - Shot Misses the Net.
7:44 of 3rd period - Wrist shot by Tyson Jost.
7:44 of 3rd period - Stopped by Kaapo Kahkonen with a rebound.
7:46 of 3rd period - Slapshot by Dakota Mermis.
7:46 of 3rd period - Shot Blocked by Brendan Guhle.
7:48 of 3rd period - Snap shot by Juuso Ikonen.
7:48 of 3rd period - Shot Misses the Net.
7:50 of 3rd period - Snap shot by Tyson Jost.
7:50 of 3rd period - Stopped by Kaapo Kahkonen with a rebound.
7:56 of 3rd period - Minor Penalty to Brock Boeser for Cross-checking.
7:57 of 3rd period - Anthony Cirelli wins face-off versus Cedric Paquette in Crunch zone.
7:57 of 3rd period - Anthony Cirelli is hit by Josh Jooris.
9:54 of 3rd period - Frederick Gaudreau is hit by Christoffer Ehn and loses puck.
9:56 of 3rd period - Penalty to Brock Boeser is over, Brock Boeser is back on ice.
10:25 of 3rd period - Mitch Callahan is hit by Adam Brooks and loses puck.
11:18 of 3rd period - Off-side.
11:19 of 3rd period - Cedric Paquette wins face-off versus Connor Bunnaman in neutral zone.
11:33 of 3rd period - Icing by Mitch Callahan.
11:34 of 3rd period - Frederick Gaudreau wins face-off versus Anthony Cirelli in Crunch zone.
11:37 of 3rd period - Snap shot by Anthony Beauvillier.
11:37 of 3rd period - Shot Misses the Net.
11:39 of 3rd period - Snap shot by Anthony Beauvillier.
11:39 of 3rd period - Shot Blocked by William Nylander.
11:41 of 3rd period - Slapshot by Andrew O'Brien.
11:41 of 3rd period - Shot Misses the Net.
11:43 of 3rd period - Slapshot by Anthony Beauvillier.
11:43 of 3rd period - Deflect By Frederick Gaudreau.
11:43 of 3rd period - Shot Blocked by Jeremy Lauzon.
11:43 of 3rd period - Puck is out of play.
11:44 of 3rd period - Dylan Strome wins face-off versus Vince Hinostroza in Crunch zone.
11:51 of 3rd period - Slapshot by Teemu Hartikainen.
11:51 of 3rd period - Shot Misses the Net.
11:57 of 3rd period - Nicolas Aube-Kubel is hit by Anthony Beauvillier.
12:22 of 3rd period - Minor Penalty to Adam Brooks for Hooking.
12:23 of 3rd period - Anthony Cirelli wins face-off versus Cedric Paquette in Penguins zone.
12:26 of 3rd period - Slapshot by William Nylander.
12:26 of 3rd period - Goal by William Nylander - Penguins : 4 - Crunch : 6.
12:27 of 3rd period - Frederick Gaudreau wins face-off versus Brock Boeser in neutral zone.
12:40 of 3rd period - Andrew O'Brien is hit by William Nylander and loses puck.
13:01 of 3rd period - Wrist shot by Andy Andreoff.
13:01 of 3rd period - Goal by Andy Andreoff - Penguins : 5 - Crunch : 6.
13:02 of 3rd period - Frederick Gaudreau wins face-off versus Anthony Cirelli in neutral zone.
13:05 of 3rd period - Brock Boeser is hit by Andrew O'Brien and loses puck.
13:30 of 3rd period - Slapshot by Andy Andreoff.
13:30 of 3rd period - Shot Blocked by Noah Hanifin.
13:32 of 3rd period - Minor Penalty to Nicolas Aube-Kubel for Slashing.
13:33 of 3rd period - Cedric Paquette wins face-off versus Anthony Cirelli in Crunch zone.
13:34 of 3rd period - Snap shot by Josh Jooris.
13:34 of 3rd period - Goal by Josh Jooris - Penguins : 6 - Crunch : 6.
13:35 of 3rd period - Brock Boeser wins face-off versus Frederick Gaudreau in neutral zone.
13:48 of 3rd period - Slapshot by William Nylander.
13:48 of 3rd period - Shot Misses the Net.
13:50 of 3rd period - Wrist shot by Brock Boeser.
13:50 of 3rd period - Stopped by Connor Hellebyuk without a rebound.
13:51 of 3rd period - Dylan Strome wins face-off versus Cedric Paquette in Penguins zone.
13:54 of 3rd period - Snap shot by Dylan Strome.
13:54 of 3rd period - Shot Misses the Net.
13:56 of 3rd period - Wrist shot by Nicolas Aube-Kubel.
13:56 of 3rd period - Shot Misses the Net.
14:21 of 3rd period - Snap shot by Vince Hinostroza.
14:21 of 3rd period - Shot Blocked by William Nylander.
14:31 of 3rd period - Snap shot by Frederick Gaudreau.
14:31 of 3rd period - Stopped by Kaapo Kahkonen without a rebound.
14:32 of 3rd period - Christoffer Ehn wins face-off versus Adam Brooks in Crunch zone.
14:42 of 3rd period - Off-side.
14:43 of 3rd period - Dylan Strome wins face-off versus Frederick Gaudreau in neutral zone.
15:05 of 3rd period - Icing by Anthony Beauvillier.
15:06 of 3rd period - Adam Brooks wins face-off versus Christoffer Ehn in Penguins zone.
15:24 of 3rd period - Minor Penalty to Andreas Martinsen for Tripping.
15:25 of 3rd period - Cedric Paquette wins face-off versus Anthony Cirelli in Penguins zone.
16:02 of 3rd period - Wrist shot by Nicolas Aube-Kubel.
16:02 of 3rd period - Stopped by Connor Hellebyuk with a rebound.
16:04 of 3rd period - Slapshot by Jordan Oesterle.
16:04 of 3rd period - Goal by Jordan Oesterle - Penguins : 6 - Crunch : 7.
16:05 of 3rd period - Christoffer Ehn wins face-off versus Adam Brooks in neutral zone.
16:16 of 3rd period - Slapshot by Scott Mayfield.
16:16 of 3rd period - Shot Misses the Net.
16:18 of 3rd period - Wrist shot by Josh Jooris.
16:18 of 3rd period - Stopped by Kaapo Kahkonen without a rebound.
16:19 of 3rd period - Anthony Cirelli wins face-off versus Adam Brooks in Crunch zone.
16:24 of 3rd period - Slapshot by Jordan Oesterle.
16:24 of 3rd period - Stopped by Connor Hellebyuk with a rebound.
17:03 of 3rd period - Minor Penalty to Kevin Fiala for Cross-checking.
17:04 of 3rd period - Cedric Paquette wins face-off versus Anthony Cirelli in Crunch zone.
17:07 of 3rd period - Wrist shot by Andreas Martinsen.
17:07 of 3rd period - Shot Blocked by Brendan Guhle.
17:09 of 3rd period - Slapshot by Danny Biega.
17:09 of 3rd period - Shot Blocked by Anthony Cirelli.
17:11 of 3rd period - Wrist shot by Cedric Paquette.
17:11 of 3rd period - Goal by Cedric Paquette - Penguins : 7 - Crunch : 7.
17:12 of 3rd period - Adam Brooks wins face-off versus Christoffer Ehn in neutral zone.
17:23 of 3rd period - Wrist shot by Kevin Fiala.
17:23 of 3rd period - Shot Blocked by Josh Jooris.
18:02 of 3rd period - Scott Mayfield is hit by Dylan Strome and loses puck.
18:43 of 3rd period - Slapshot by Josh Jooris.
18:43 of 3rd period - Stopped by Kaapo Kahkonen with a rebound.
18:45 of 3rd period - Wrist shot by Adam Brooks.
18:45 of 3rd period - Stopped by Kaapo Kahkonen without a rebound.
18:46 of 3rd period - William Nylander wins face-off versus Adam Brooks in Crunch zone.
18:46 of 3rd period - William Nylander is hit by Josh Jooris.
18:52 of 3rd period - Backhand shot by Noah Hanifin.
18:52 of 3rd period - Deflect By Josh Jooris.
18:52 of 3rd period - Stopped by Connor Hellebyuk with a rebound.
18:54 of 3rd period - Slapshot by Noah Hanifin.
18:54 of 3rd period - Shot Misses the Net.
18:56 of 3rd period - Slapshot by Anthony Cirelli.
18:56 of 3rd period - Shot Misses the Net.
18:58 of 3rd period - Snap shot by William Nylander.
18:58 of 3rd period - Stopped by Connor Hellebyuk with a rebound.
19:00 of 3rd period - Slapshot by Anthony Cirelli.
19:00 of 3rd period - Stopped by Connor Hellebyuk with a rebound.
19:02 of 3rd period - Slapshot by Noah Hanifin.
19:02 of 3rd period - Stopped by Connor Hellebyuk without a rebound.
19:03 of 3rd period - Christoffer Ehn wins face-off versus Frederick Gaudreau in Penguins zone.
19:11 of 3rd period - Slapshot by Anthony Beauvillier.
19:11 of 3rd period - Stopped by Kaapo Kahkonen with a rebound.
19:29 of 3rd period - Adam Brooks is hit by Dylan Strome and loses puck.
Goals for this period are 4 for Penguins vs 3 for Crunch.
Shots for this period are 13 for Penguins vs 13 for Crunch.
Overtime #1
0:01 of 1st overtime period - Cedric Paquette wins face-off versus Anthony Cirelli in neutral zone.
0:54 of 1st overtime period - Danny Biega is hit by Jeremy Lauzon.
1:56 of 1st overtime period - Anthony Cirelli is hit by Iven Barbashev.
2:16 of 1st overtime period - Andy Andreoff is hit by Dalton Smith and loses puck.
4:07 of 1st overtime period - Icing by Anthony Cirelli.
4:08 of 1st overtime period - Iven Barbashev wins face-off versus Dylan Strome in Crunch zone.
4:19 of 1st overtime period - Slapshot by Dylan Strome.
4:19 of 1st overtime period - Shot Blocked by Danny Biega.
Goals for this period are 0 for Penguins vs 0 for Crunch.
Shots for this period are 0 for Penguins vs 0 for Crunch.
ShootOut
5:00 of 1st overtime period - Round #1.
5:00 of 1st overtime period - Penguins, Andreas Martinsen.
5:00 of 1st overtime period - Backhand shot by Andreas Martinsen.
5:00 of 1st overtime period - Shot Misses the Net.
5:00 of 1st overtime period - Crunch, Teemu Hartikainen.
5:00 of 1st overtime period - Deke by Teemu Hartikainen.
5:00 of 1st overtime period - Goal by Teemu Hartikainen.
5:00 of 1st overtime period - Round #2.
5:00 of 1st overtime period - Penguins, Josh Jooris.
5:00 of 1st overtime period - Snap shot by Josh Jooris.
5:00 of 1st overtime period - Goal by Josh Jooris.
5:00 of 1st overtime period - Crunch, Brock Boeser.
5:00 of 1st overtime period - Snap shot by Brock Boeser.
5:00 of 1st overtime period - Stopped by Connor Hellebyuk.
5:00 of 1st overtime period - Round #3.
5:00 of 1st overtime period - Penguins, Andy Andreoff.
5:00 of 1st overtime period - Wrist shot by Andy Andreoff.
5:00 of 1st overtime period - Stopped by Kaapo Kahkonen.
5:00 of 1st overtime period - Crunch, William Nylander.
5:00 of 1st overtime period - Deke by William Nylander.
5:00 of 1st overtime period - Stopped by Connor Hellebyuk.
5:00 of 1st overtime period - Round #4.
5:00 of 1st overtime period - Penguins, Vince Hinostroza.
5:00 of 1st overtime period - Deke by Vince Hinostroza.
5:00 of 1st overtime period - Stopped by Kaapo Kahkonen.
5:00 of 1st overtime period - Crunch, Nicolas Aube-Kubel.
5:00 of 1st overtime period - Wrist shot by Nicolas Aube-Kubel.
5:00 of 1st overtime period - Stopped by Connor Hellebyuk.
5:00 of 1st overtime period - Round #5.
5:00 of 1st overtime period - Penguins, Cedric Paquette.
5:00 of 1st overtime period - Backhand shot by Cedric Paquette.
5:00 of 1st overtime period - Stopped by Kaapo Kahkonen.
5:00 of 1st overtime period - Crunch, Kevin Fiala.
5:00 of 1st overtime period - Wrist shot by Kevin Fiala.
5:00 of 1st overtime period - Goal by Kevin Fiala.